 Dungeon Sprint DCSS version 0.30.1-4-g462c640d31 (webtiles) character file.

Game seed: 11646360008458999867

9009 Heoruswealwe the Sorcerer (level 11, -6/54 HPs)
             Began as a Deep Elf Conjurer on Sept 5, 2023.
             Was a High Priest of Vehumet.
             Mangled by a demonic crawler (16 damage)
             ... in the Dungeon (Sprint I: "Red Sonja").
             The game lasted 00:37:26 (1728 turns).

Heoruswealwe the Sorcerer (Deep Elf Conjurer)       Turns: 1728, Time: 00:37:26

Health: -6/54      AC:  7    Str:  4    XL:     11   Next: 17%
Magic:  34/41      EV: 12    Int: 28    God:    Vehumet [*****.]
Gold:   118        SH:  0    Dex: 13    Spells: 39/58 levels left

rFire   . . .        a - +1 dagger (speed)
rCold   . . .        (no shield)
rNeg    . . .        c - +0 robe
rPois   .            (no helmet)
rElec   .            h - +2 cloak {Will+}
rCorr   .            (no gloves)
SInv    +            e - +1 pair of boots {Fly}
Will    ++...        (no amulet)
Stlth   ++           k - ring of see invisible
HPRegen 0.29/turn    (no ring)
MPRegen 0.27/turn

%: no teleportation
@: brilliant, flying
A: no striking features
a: Renounce Religion


You were in the Dungeon.
You worshipped Vehumet.
Vehumet was extremely pleased with you.
You visited 1 branch You collected 1059 gold pieces.
You spent 909 gold pieces at shops.
You donated 32 gold pieces to Zin.

Inventory:

Hand Weapons
 a - a +1 dagger of speed (weapon)
Armour
 c - a +0 robe (worn)
 e - a +1 pair of boots of flying (worn)
 h - a +2 cloak of willpower (worn)
Jewellery
 k - a ring of see invisible (left hand)
Wands
 m - a wand of acid (2)
 s - a wand of charming (7)
 t - a wand of iceblast (1)
 v - a wand of flame (11)
Scrolls
 i - 2 scrolls of summoning
Potions
 b - 3 potions of magic
 f - 3 potions of curing
 n - a potion of brilliance
 r - 2 potions of might {unknown}


   Skills:
 - Level 2.4 Dodging
 - Level 2.4 Stealth
 + Level 24.2 Spellcasting
 + Level 21.1 Conjurations


You had 39 spell levels left.
You knew the following spells:

 Your Spells              Type           Power      Damage    Failure   Level
a - Magic Dart            Conj           100%       1d8       0%          1
b - Shock                 Conj/Air       100%       1d9       0%          1
c - Foxfire               Conj/Fire      100%       2x1d9     0%          1
d - Searing Ray           Conj           100%       2d8       0%          2
e - Dazzling Flash        Conj/Hex       100%       N/A       1%          3
f - Hailstorm             Conj/Ice       96%        3d19      1%          3
g - Iskenderun's Mystic   Conj/Tloc      96%        2d19      1%          4
h - Fulminant Prism       Conj/Hex       48%        3d21      1%          4

Your spell library contained the following spells:

 Spells                   Type           Power      Damage    Failure   Level
 Iskenderun's Battlesphe  Conj           100%       2d15      0%          5
 Freeze                   Ice            100%       1d10      1%          1
 Frozen Ramparts          Ice            100%       1d16      1%          3


Dungeon Overview and Level Annotations

Branches:
Dungeon (1/1)

Altars:
Cheibriados
Dithmenos
Elyvilon
Fedhas
Gozag
Hepliaklqana
Kikubaaqudgha
Makhleb
Nemelex Xobeh
Okawaru
Qazlal
Ru
Sif Muna
Trog
Uskayaw
Vehumet
Wu Jian
Xom
Yredelemnul
Zin
The Shining One
Jiyva
Lugonu

Shops:
D *=:=(?(**(*[=:*[(([[*


Message History

You feel a surge of power!
You erupt in a blast of force!
The mystic blast hits the demonic crawler.
The demonic crawler is severely wounded.
The demonic crawler is knocked back by the mystic blast.
The demonic crawler slams into the stone wall!
The demonic crawler is severely wounded.
The mystic blast hits the demonic crawler!
The demonic crawler is heavily wounded.
The demonic crawler is knocked back by the mystic blast.
The demonic crawler slams into the rock wall!
The mystic blast hits the demonic crawler!!
The demonic crawler is heavily wounded.
The mystic blast hits the demonic crawler!
The demonic crawler is heavily wounded.
The demonic crawler is knocked back by the mystic blast.
The demonic crawler barely misses you.
The demonic crawler hits you but does no damage.
The demonic crawler hits you.
Casting: Iskenderun's Mystic Blast (safe; 1% risk of failure)
Confirm with . or Enter, or press ? or * to list all spells.
You feel a surge of power!
You erupt in a blast of force!
The mystic blast hits the demonic crawler!!
You kill the demonic crawler!
Vehumet accepts your kill.
Vehumet offers you knowledge of Iskenderun's Battlesphere.
You feel your power returning.
The mystic blast hits the demonic crawler!
The demonic crawler is severely wounded.
The demonic crawler is knocked back by the mystic blast.
The demonic crawler slams into the rock wall!
The demonic crawler is almost dead.
The mystic blast hits the demonic crawler but does no damage.
The demonic crawler is moderately wounded.
The mystic blast hits the demonic crawler.
The demonic crawler is severely wounded.
The demonic crawler is knocked back by the mystic blast.
The demonic crawler barely misses you. The demonic crawler hits you! x2
* * * LOW HITPOINT WARNING * * *
The demonic crawler hits you!
You die...

##################
.#..'..#__#..'..)#
.').#..'..'..#).s##+#
'#####'#__####=.@'ss#
.#...#"####).#####..+
##..##[#§~§§.#..# ##
_##'#_.+§§~§§+..#
..'..._#§§§).#..#
_##_.#'##+#####'###
_###'#.#[...###.+.#
####(####'###.###.#
..'...'.....'.∩##.#


You could see 3 demonic crawlers.

Vanquished Creatures
  2 centaur warriors (D)
  Sonja (D)
  A deep troll (D)
  An oklob plant (D)
  8 shining eyes (D)
  A demonic crawler (D)
  2 kobold demonologists (D)
  2 unseen horrors (D)
  A hornet (D)
  A slime creature (D)
  Sigmund (D)
  A yak (D)
  2 redbacks (D)
  6 floating eyes (D)
  An ogre (D)
  7 necrophages (D)
  8 jellies (D)
  Ijyb (D)
  A ballistomycete spore (D)
48 creatures vanquished.

Vanquished Creatures (others)
  A ballistomycete spore (D)
  7 fulminant prisms (D)
8 creatures vanquished.

Grand Total: 56 creatures vanquished

Notes
Turn   | Place    | Note
-------+----------+-------------------------------------------
     0 | D        | Heoruswealwe the Deep Elf Conjurer began the quest for the
                  | Orb.
     0 | D        | Reached XP level 1. HP: 10/10 MP: 6/6
     1 | D        | Noticed Ijyb
    13 | D        | Killed Ijyb
    14 | D        | Reached skill level 6 in Spellcasting
    14 | D        | Reached XP level 2. HP: 8/15 MP: 7/11
    47 | D        | Learned a level 2 spell: Searing Ray
    61 | D        | Noticed an ogre
    64 | D        | Killed an ogre
    65 | D        | Reached skill level 9 in Spellcasting
    65 | D        | Reached XP level 3. HP: 19/19 MP: 11/15
    65 | D        | Reached XP level 4. HP: 24/24 MP: 12/17
    82 | D        | Learned a level 3 spell: Dazzling Flash
    87 | D        | Learned a level 4 spell: Fulminant Prism
    92 | D        | Learned a level 4 spell: Iskenderun's Mystic Blast
    98 | D        | Noticed Sigmund
   101 | D        | Killed Sigmund
   102 | D        | Reached skill level 11 in Spellcasting
   102 | D        | Reached skill level 10 in Conjurations
   102 | D        | Reached XP level 5. HP: 16/28 MP: 12/21
   102 | D        | Reached XP level 6. HP: 18/32 MP: 12/22
   155 | D        | Found an ornate altar of the Wu Jian Council.
   155 | D        | Found a shimmering blue altar of Sif Muna.
   160 | D        | Reached skill level 12 in Spellcasting
   160 | D        | Found a radiant altar of Vehumet.
   187 | D        | Found Coeqidips's Jewellery Emporium.
   187 | D        | Found an ancient bone altar of Kikubaaqudgha.
   187 | D        | Found a hazy altar of Hepliaklqana.
   187 | D        | Found a stormy altar of Qazlal.
   187 | D        | Found a hide-covered altar of Uskayaw.
   187 | D        | Found a blossoming altar of Fedhas.
   187 | D        | Found a bloodstained altar of Trog.
   187 | D        | Found an iron altar of Okawaru.
   187 | D        | Found a basalt altar of Yredelemnul.
   187 | D        | Found a glowing golden altar of the Shining One.
   187 | D        | Found a snail-covered altar of Cheibriados.
   187 | D        | Found a sacrificial altar of Ru.
   187 | D        | Found a glowing silver altar of Zin.
   187 | D        | Found a shadowy altar of Dithmenos.
   187 | D        | Found a white marble altar of Elyvilon.
   187 | D        | Noticed a yak
   194 | D        | Killed a yak
   195 | D        | Reached skill level 13 in Spellcasting
   195 | D        | Found an opulent altar of Gozag.
   196 | D        | Found a sparkling altar of Nemelex Xobeh.
   201 | D        | Became a worshipper of Zin the Law-Giver
   201 | D        | Reached * piety under Zin
   201 | D        | Reached ** piety under Zin
   201 | D        | Reached *** piety under Zin
   201 | D        | Reached **** piety under Zin
   201 | D        | Reached ***** piety under Zin
   201 | D        | Reached ****** piety under Zin
   204 | D        | Bought a ring of see invisible for 165 gold pieces
   296 | D        | Noticed Sonja
   303 | D        | Killed Sonja
   304 | D        | Reached skill level 16 in Spellcasting
   304 | D        | Reached XP level 7. HP: 22/36 MP: 12/28
   324 | D        | Found Giesidagg's Assorted Antiques.
   332 | D        | Bought a sedimented coppery potion for 17 gold pieces
   332 | D        | Bought a scroll labelled CEOKLOGGOPT for 19 gold pieces
   332 | D        | Bought a scroll labelled ESIUBR JONINT for 19 gold pieces
   332 | D        | Bought a scroll labelled WIRUIF LIMIANI for 19 gold pieces
   332 | D        | Bought 2 smoky golden potions for 34 gold pieces
   332 | D        | Bought a shiny glass ring for 95 gold pieces
   383 | D        | Noticed a shining eye
   383 | D        | Noticed a shining eye
   383 | D        | Noticed a shining eye
   387 | D        | Paralysed by a floating eye for 2 turns
   394 | D        | Paralysed by a floating eye for 4 turns
   402 | D        | Reached XP level 8. HP: 41/41 MP: 26/30
   407 | D        | Noticed a shining eye
   412 | D        | Killed a shining eye
   413 | D        | Reached skill level 17 in Spellcasting
   413 | D        | Reached skill level 15 in Conjurations
   416 | D        | Noticed a shining eye
   417 | D        | Noticed a shining eye
   420 | D        | Paralysed by a floating eye for 3 turns
   437 | D        | Killed a shining eye
   437 | D        | Killed a shining eye
   438 | D        | Reached skill level 19 in Spellcasting
   438 | D        | Reached XP level 9. HP: 45/45 MP: 0/34
   453 | D        | Killed a shining eye
   467 | D        | Noticed a shining eye
   467 | D        | Noticed a shining eye
   473 | D        | Paralysed by a floating eye for 4 turns
   487 | D        | Killed a shining eye
   488 | D        | Reached skill level 20 in Spellcasting
   520 | D        | Killed a shining eye
   520 | D        | Killed a shining eye
   521 | D        | Reached skill level 21 in Spellcasting
   521 | D        | Reached XP level 10. HP: 50/50 MP: 0/37
   533 | D        | Killed a shining eye
   548 | D        | Fell from the grace of Zin
   548 | D        | Became a worshipper of Vehumet
   730 | D        | Found Sogyjua's Jewellery Shoppe.
   730 | D        | Found Wejoel's Weapon Shop.
   730 | D        | Found Nidde's Book Emporium.
   730 | D        | Found Wesokhla's Magic Scroll Boutique.
   763 | D        | Noticed a deep troll
   772 | D        | Killed a deep troll
   783 | D        | Found Mualau's Armour Emporium.
   863 | D        | Bought a book of Frost for 220 gold pieces
   870 | D        | Learned a level 3 spell: Hailstorm
   895 | D        | Found a burning altar of Makhleb.
   895 | D        | Found a viscous altar of Jiyva.
   895 | D        | Found a shimmering altar of Xom.
   895 | D        | Found a corrupted altar of Lugonu.
   964 | D        | Reached * piety under Vehumet
   964 | D        | Offered knowledge of Shock by Vehumet.
   965 | D        | Reached skill level 22 in Spellcasting
   969 | D        | Learned a level 1 spell: Shock
  1095 | D        | Noticed a centaur warrior
  1107 | D        | Killed a centaur warrior
  1107 | D        | Offered knowledge of Foxfire by Vehumet.
  1107 | D        | Reached ** piety under Vehumet
  1108 | D        | Noticed a centaur warrior
  1110 | D        | Learned a level 1 spell: Foxfire
  1111 | D        | Killed a centaur warrior
  1112 | D        | Reached skill level 23 in Spellcasting
  1174 | D        | Noticed an oklob plant
  1277 | D        | Killed an oklob plant
  1277 | D        | Offered knowledge of Ignite Poison by Vehumet.
  1341 | D        | Reached *** piety under Vehumet
  1353 | D        | Reached XP level 11. HP: 54/54 MP: 33/40
  1393 | D        | Reached **** piety under Vehumet
  1467 | D        | Offered knowledge of Volatile Blastmotes by Vehumet.
  1470 | D        | Reached skill level 24 in Spellcasting
  1471 | D        | Reached ***** piety under Vehumet
  1546 | D        | Identified the +6 scale mail "Wetyduts" {Harm Str+3}
  1574 | D        | Found Tashripso's General Store.
  1574 | D        | Found Xuiramuo's Weapon Shop.
  1574 | D        | Found Vuin's Assorted Antiques.
  1580 | D        | Found Sergheig's Antique Weapon Boutique.
  1580 | D        | Found Keofeuf's Assorted Antiques.
  1580 | D        | Found Kywaesm's Armour Emporium.
  1582 | D        | Found Durucuna's Antique Weapon Boutique.
  1582 | D        | Found Jawintei's Armour Shoppe.
  1582 | D        | Found Ducamuvo's General Store.
  1582 | D        | Found Qowk's Book Emporium.
  1582 | D        | Found Sitiroot's Jewellery Boutique.
  1582 | D        | Found Yxennog's Antique Armour Shoppe.
  1582 | D        | Found Reoguoxu's General Store.
  1584 | D        | Bought a purple potion for 27 gold pieces
  1584 | D        | Bought a scroll labelled LINOAZX KUBLEL for 30 gold pieces
  1586 | D        | Found Ebeinluin's Weapon Emporium.
  1595 | D        | Bought a scroll labelled LINOAZX KUBLEL for 28 gold pieces
  1595 | D        | Bought a forked copper wand for 112 gold pieces
  1595 | D        | Bought a scroll labelled CEOKLOGGOPT for 28 gold pieces
  1666 | D        | Bought a scroll of identify for 24 gold pieces
  1666 | D        | Bought a scroll of identify for 24 gold pieces
  1666 | D        | Bought a scroll of identify for 24 gold pieces
  1666 | D        | Bought a scroll of identify for 24 gold pieces
  1728 | D        | Offered knowledge of Iskenderun's Battlesphere by Vehumet.
  1728 | D        | Mangled by a demonic crawler

Illustrated notes

Levels and vault maps discovered:
D:        dungeon_sprint_1 [red_sonja_temple_1, red_sonja_temple_small_1]

Skill      XL: |  1  2  3  4  5  6  7  8  9 10 11 |
---------------+----------------------------------+-----
Spellcasting   | 6 9 11 16 19 21 23 24 | 24.2
Conjurations   | 6 8 10 14 16 18 20 21 | 21.1
Dodging        | |  2.4
Stealth        | |  2.4

Action                     |  1- 3 |  4- 6 |  7- 9 | 10-12 || total
---------------------------+-------+-------+-------+-------++-------
  Melee: Unarmed           |     8 |       |       |       ||     8
         Dagger            |       |       |     3 |    12 ||    15
         Punch             |       |       |       |     1 ||     1
   Cast: Magic Dart        |       |     2 |     4 |     9 ||    15
         Fulminant Prism   |       |     1 |       |     6 ||     7
         Iskenderun's Myst |       |     6 |    12 |    32 ||    50
         Searing Ray       |       |     4 |     1 |     4 ||     9
         Hailstorm         |       |       |       |     3 ||     3
  Evoke: Wand              |     2 |       |       |       ||     2
    Use: Potion            |     2 |       |       |     2 ||     4
         Scroll            |     1 |       |       |     9 ||    10
 Armour: Robe              |     2 |       |       |     5 ||     7
  Dodge: Dodged            |     1 |     3 |       |    11 ||    15
